 Dungeon Crawl Stone Soup version 0.28-a0-677-g3278d6a771 (webtiles) character file.

Game seed: 10253914936805769114

18430 1994 the Fighter (level 12, -4/130 HPs)
             Began as an Ogre Hunter on Oct 18, 2021.
             Was a High Priest of Okawaru.
             Slain by an ice devil (7 damage)
             ... in an ice cave.
             The game lasted 01:10:55 (21854 turns).

1994 the Fighter (Ogre Hunter)                     Turns: 21854, Time: 01:10:55

Health: -4/130     AC: 13    Str: 20    XL:     12   Next: 58%
Magic:  16/16      EV: 10    Int: 12    God:    Okawaru [*****.]
Gold:   535        SH:  0    Dex: 12    Spells: 9/13 levels left

rFire   + + .      SeeInvis .   D - +0 dire flail
rCold   + . .      Faith    .   (shield currently unavailable)
rNeg    . . .      Spirit   .   N - +0 swamp dragon scales
rPois   +          Reflect  .   (helmet restricted)
rElec   .          Harm     .   M - scarf {rC+ rF+}
rCorr   .          Rampage  .   (gloves unavailable)
Will    +....                   (boots unavailable)
Stlth   +.........              (no amulet)
HPRegen 0.31/turn               S - +4 ring of protection
MPRegen 0.15/turn               O - ring of protection from fire

@: no status effects
A: large, unfitting armour, tough skin 1
a: Renounce Religion, Heroism, Finesse, Duel


You were in an ice cave.
You worshipped Okawaru.
Okawaru was extremely pleased with you.
You visited 3 branches of the dungeon, and saw 13 of its levels.
You also visited: Ice Cave.

You collected 679 gold pieces.
You spent 144 gold pieces at shops.

Inventory:

Hand Weapons
 a - a +3 flail of protection
 t - a +0 hand axe
 C - a +0 giant spiked club
 D - a +0 dire flail (weapon)
 X - a +2 great mace of draining
Missiles
 c - 5 large rocks
 d - 2 throwing nets
 e - 399 stones
 h - 3 javelins (quivered)
 x - a curare-tipped dart
 B - 13 boomerangs
 H - a silver boomerang
 T - 3 boomerangs of dispersal
 V - 8 poisoned darts
Armour
 A - the +1 animal skin of Starshine {rPois Will++ Dex-2}
   (Okawaru gifted it to you in an ice cave)

   Dex:       It affects your dexterity (-2).
   rPois:     It protects you from poison.
   Will:      It greatly increases your willpower.
 M - a scarf of resistance (worn)
 N - +0 swamp dragon scales (worn)
 U - +0 acid dragon scales
Magical Staves
 l - a staff of air
Jewellery
 m - a ring of wizardry
 q - a +6 ring of dexterity
 L - a ring of poison resistance
 O - a ring of protection from fire (right hand)
 S - a +4 ring of protection (left hand)
Wands
 F - a wand of polymorph (14)
 Q - a wand of acid (4)
 Y - a wand of iceblast (21)
 Z - a wand of flame (17)
Scrolls
 g - 2 scrolls of silence
 j - a scroll of immolation
 o - a scroll of noise {unknown}
 r - a scroll of amnesia
 s - 3 scrolls of teleportation
 v - a scroll of acquirement {unknown}
 w - 3 scrolls of fog
 y - 2 scrolls of fear
 J - a scroll of vulnerability {unknown}
 R - a scroll of summoning {unknown}
Potions
 f - 2 potions of flight
 i - a potion of resistance
 k - 4 potions of curing
 n - a potion of brilliance
 p - a potion of magic {unknown}
 u - 5 potions of lignification
 z - a potion of attraction {unknown}
 E - 3 potions of mutation {unknown}
 G - 2 potions of heal wounds
 I - 2 potions of berserk rage {unknown}
 K - a potion of ambrosia {unknown}
 P - 2 potions of might
 W - 2 potions of haste


   Skills:
 + Level 11.5 Fighting
 * Level 11.2 Maces & Flails
 + Level 9.5 Throwing
 + Level 5.7 Armour
 + Level 5.8 Dodging
 - Level 0.6 Stealth
 - Level 1.0 Spellcasting
 - Level 2.5 Transmutations
 + Level 5.6 Invocations


You had 9 spell levels left.
You knew the following spells:

 Your Spells              Type           Power      Damage    Failure   Level
a - Animate Skeleton      Necr           0%         N/A       43%         1
b - Beastly Appendage     Tmut           12%        N/A       17%         1
c - Wereblood             Tmut           6%         N/A       26%         2

Your spell library contained the following spells:

 Spells                   Type           Power      Damage    Failure   Level
 Magic Dart               Conj           0%         1d3       43%         1
 Pain                     Necr           0%         1d4       43%         1
 Ensorcelled Hibernation  Hex/Ice        0%         N/A       58%         2
 Searing Ray              Conj           0%         2d4       58%         2
 Spider Form              Tmut/Pois      1%         N/A       65%         3
 Ignite Poison            Fire/Tmut/Pois 2%         N/A       71%         3
 Conjure Flame            Conj/Fire      0%         6-21      82%         3
 Gell's Gravitas          Tloc           0%         N/A       82%         3
 Lesser Beckoning         Tloc           0%         N/A       82%         3
 Teleport Other           Tloc           0%         N/A       82%         3
 Vampiric Draining        Necr           0%         2d6       82%         3
 Fulminant Prism          Conj/Hex       0%         3d6       99%         4
 Sticky Flame             Conj/Fire      0%         2d3       99%         4


Dungeon Overview and Level Annotations

Branches:
Dungeon (11/15)            Temple (1/1) D:4            Lair (1/6) D:9
    Orc (0/2) D:9           IceCv (1/1)

Altars:
Ashenzari
Cheibriados
Dithmenos
Elyvilon
Fedhas
Gozag
Hepliaklqana
Kikubaaqudgha
Makhleb
Nemelex Xobeh
Okawaru
Qazlal
Ru
Sif Muna
Trog
Uskayaw
Vehumet
Wu Jian
Xom
Yredelemnul
Zin
The Shining One
Jiyva

Shops:
D:11 !

Annotations:
D:11 exclusion: ice statue


Innate Abilities, Weirdness & Mutations

You are too large for most types of armour.
You have tough skin. (AC +1)


Message History

The ice devil is moderately wounded.
Unknown command.
Unknown command.
Unknown command.
You puncture the ice devil!
The ice devil is heavily wounded.
The ice devil barely misses you.
You closely miss the ice devil.
The ice devil is heavily wounded.
You closely miss the ice devil.
The ice devil is heavily wounded.
The ice devil hits you but does no damage.
You hit the ice devil.
The ice devil is heavily wounded.
The ice devil hits you.
* * * LOW HITPOINT WARNING * * *
The ice devil freezes you! You resist.
* * * LOW HITPOINT WARNING * * *
You closely miss the ice devil.
The ice devil is heavily wounded.
The ice devil hits you but does no damage.
You hit the ice devil but do no damage.
The ice devil is heavily wounded.
You barely miss the ice devil.
The ice devil is heavily wounded.
The ice devil hits you but does no damage.
You sock the ice devil!
The ice devil is severely wounded.
The ice devil hits you.
* * * LOW HITPOINT WARNING * * *
The ice devil freezes you. You resist.
* * * LOW HITPOINT WARNING * * *
You hit the ice devil.
The ice devil is almost dead.
You hit the ice devil.
The ice devil is almost dead.
The ice devil hits you!
* * * LOW HITPOINT WARNING * * *
The ice devil freezes you! You resist.
You die...

#...## #..## ##.####○#.#
##.## ##..## ####○§§§.#
### #..)## #.§°§§☼.#
##....## ##§§§§.#####
#......# ##°§#.###..##
##.....####.°#####....##
#.......##○.§§##.......#
#..(.....○.#.......∩.∩.#
#.......4@###..........#
##......### ##..##....##
#.....## ######..##
#......# #### ##....##
##..## ####


You could see an ice devil (corroded).

Vanquished Creatures
  Harold (D:11)
  A hydra (D:7)
  A two-headed ogre (D:8)
  The ghost of papapa55 the Fighter, a novice GrFi of Gozag (D:8)
  A necromancer (IceCv)
  3 ugly things
  An ice statue (IceCv)
  Maggie (D:8)
  2 komodo dragons
  A kobold demonologist (D:9)
  3 anaconda simulacra (IceCv)
  2 freezing wraiths (IceCv)
  6 ice devils (IceCv)
  A troll (D:10)
  2 hornets
  2 slime creatures (D:9)
  Sigmund (D:6)
  A wyvern (D:9)
  2 dire elephant simulacra (IceCv)
  19 yaks
  A steam dragon (D:10)
  Menkaure (D:4)
  A harpy simulacrum (IceCv)
  5 death yak simulacra (IceCv)
  Grum (D:8)
  An acid dragon (D:9)
  A water moccasin (Lair:1)
  A sky beast (D:4)
  A black bear (D:9)
  6 orc warriors
  4 wolves (D:8)
  2 ogres (D:5)
  4 centaurs
  2 bullfrogs
  2 kobold brigands
  2 gnoll sergeants
  2 scorpions
  2 water moccasin zombies (D:5)
  5 cane toad simulacra
  A water moccasin skeleton (D:7)
  3 elephant simulacra (IceCv)
  6 killer bees (D:9)
  4 hounds
  5 orc priests
  7 centaur zombies
  5 jellies
  2 bullfrog skeletons
  2 iguanas
  7 orc wizards
  4 polar bear simulacra
  A troll simulacrum (IceCv)
  A wolf simulacrum (IceCv)
  3 spriggan simulacra (IceCv)
  Robin (D:2)
  5 adders
  3 gnolls
  A shadow imp (D:7)
  2 white imps
  3 ufetubi
  3 worms
  3 dart slugs
  41 orcs
  6 ball pythons
  2 bats
  11 endoplasms
  5 giant cockroaches
  15 goblins
  9 hobgoblins
  21 kobolds
  3 quokkas
  4 frilled lizards
  2 rats (D:3)
287 creatures vanquished.

Vanquished Creatures (others)
  2 orcs (D:4)
  5 fungi
  3 plants
10 creatures vanquished.

Grand Total: 297 creatures vanquished

Notes
Turn   | Place    | Note
-------+----------+-------------------------------------------
     0 | D:1      | 1994 the Ogre Hunter began the quest for the Orb.
     0 | D:1      | Reached XP level 1. HP: 22/22 MP: 1/1
   131 | D:1      | Reached XP level 2. HP: 10/29 MP: 2/2
   538 | D:1      | Found a faded altar of an unknown god.
   615 | D:1      | Reached skill level 1 in Maces & Flails
  1131 | D:1      | Reached XP level 3. HP: 33/37 MP: 3/3
  1702 | D:2      | Learned a level 1 spell: Animate Skeleton
  3256 | D:2      | Reached XP level 4. HP: 33/45 MP: 4/4
  3683 | D:3      | Learned a level 1 spell: Beastly Appendage
  4140 | D:3      | Noticed Robin
  4361 | D:2      | Killed Robin
  4675 | D:3      | Reached XP level 5. HP: 54/54 MP: 6/6
  4683 | D:3      | Learned a level 2 spell: Wereblood
  4894 | D:4      | Noticed Menkaure
  4898 | D:4      | Killed Menkaure
  4899 | D:4      | Reached skill level 1 in Spellcasting
  4899 | D:4      | Reached skill level 1 in Transmutations
  4899 | D:4      | Reached XP level 6. HP: 33/63 MP: 7/7
  5092 | D:4      | HP: 1/63 [scorpion (3)]
  5820 | D:4      | Identified the +9 mace of the Crushed Seas {vamp, Contam
                  | Str+3}
  6225 | D:4      | Found a staircase to the Ecumenical Temple.
  6234 | Temple   | Entered the Ecumenical Temple
  6381 | Temple   | Became a worshipper of Warmaster Okawaru
  6906 | D:5      | Entered Level 5 of the Dungeon
  7308 | D:4      | Reached skill level 5 in Throwing
  7430 | D:5      | Reached skill level 5 in Fighting
  7430 | D:5      | Reached XP level 7. HP: 72/72 MP: 6/8
  7592 | D:5      | Reached * piety under Okawaru
  7655 | D:5      | Identified the +1 robe "Riacvakk" {Regen+ Int+5 Dex-3
                  | Stlth-}
  8126 | D:5      | Reached skill level 5 in Maces & Flails
  8228 | D:5      | Reached XP level 8. HP: 72/83 MP: 9/9
  8605 | D:6      | Found a sacrificial altar of Ru.
  9543 | D:6      | Noticed Sigmund
  9545 | D:6      | Noticed a hornet
 10294 | D:4      | Reached ** piety under Okawaru
 10537 | D:6      | Killed Sigmund
 10788 | D:6      | Noticed a cyan ugly thing
 10807 | D:6      | Killed a purple ugly thing
 10808 | D:6      | Reached XP level 9. HP: 14/93 MP: 7/10
 11302 | D:6      | Killed a hornet
 11304 | D:6      | Reached *** piety under Okawaru
 12468 | D:8      | Noticed Maggie
 12479 | D:8      | Killed Maggie
 12685 | D:8      | Noticed Pikel
 12697 | D:8      | Noticed Pikel
 12697 | D:8      | Pikel changed into Pikel the yak
 12705 | D:8      | Killed Pikel the yak
 12743 | D:8      | Reached skill level 1 in Armour
 12753 | D:8      | Reached XP level 10. HP: 99/106 MP: 8/11
 12768 | D:8      | Reached **** piety under Okawaru
 13236 | D:8      | Noticed Grum
 13249 | D:8      | Received a gift from Okawaru
 13607 | D:8      | Killed Grum
 13856 | D:9      | Noticed a two-headed ogre
 13903 | D:9      | Found a runed translucent gate.
 13903 | D:9      | Found a runed translucent gate.
 13903 | D:9      | Noticed papapa55's ghost (novice GrFi)
 13904 | D:9      | Found a runed translucent gate.
 14061 | D:9      | Noticed a four-headed hydra
 14542 | D:7      | Killed a four-headed hydra
 14543 | D:7      | Reached skill level 1 in Invocations
 15233 | D:8      | Killed a two-headed ogre
 15447 | D:9      | Noticed a kobold demonologist
 15461 | D:9      | Killed a kobold demonologist
 15461 | D:9      | Reached ***** piety under Okawaru
 15511 | D:9      | Received a gift from Okawaru
 15611 | D:9      | Reached XP level 11. HP: 100/117 MP: 9/12
 15711 | D:9      | Found a staircase to the Lair.
 15851 | D:9      | Found a staircase to the Orcish Mines.
 16065 | D:9      | Found a viscous altar of Jiyva.
 16082 | D:10     | Entered Level 10 of the Dungeon
 16463 | D:10     | Received a gift from Okawaru
 16464 | D:10     | Reached skill level 10 in Fighting
 17671 | D:11     | Found Qampuis's Distillery.
 17674 | D:11     | Bought a potion of degeneration for 16 gold pieces
 17675 | D:11     | Bought a potion of heal wounds for 80 gold pieces
 17675 | D:11     | Bought a potion of lignification for 48 gold pieces
 17863 | D:11     | Reached skill level 10 in Maces & Flails
 18452 | D:11     | Noticed Harold
 18466 | D:11     | Killed Harold
 19008 | D:8      | Killed papapa55's ghost
 19157 | D:9      | Reached skill level 5 in Armour
 19475 | Lair:1   | Entered Level 1 of the Lair of Beasts
 19485 | Lair:1   | Reached skill level 5 in Dodging
 19646 | Lair:1   | Found a frozen archway.
 19902 | Lair:1   | Noticed a six-headed hydra
 19976 | IceCv    | Entered an ice cave
 20004 | IceCv    | Reached XP level 12. HP: 12/128 MP: 13/15
 20004 | IceCv    | Received a gift from Okawaru
 21011 | IceCv    | Reached skill level 5 in Invocations
 21324 | IceCv    | Identified the +1 animal skin of Starshine {rPois Will++
                  | Dex-2} (Okawaru gifted it to you in an ice cave)
 21324 | IceCv    | Received a gift from Okawaru
 21771 | IceCv    | Found an ancient bone altar of Kikubaaqudgha.
 21854 | IceCv    | HP: 3/130 [ice devil (11)]
 21854 | IceCv    | Slain by an ice devil

Illustrated notes

Levels and vault maps discovered:
D:1:      dpeg_arrival_three_same_balls, layout_loops_ring,
          shapermc_ecumenical_altar_starsandcircs
D:2:      layout_loops_corners, chequers_avenue, amethyst_killhole,
          serial_bayou_lagoon_a, st_stairs_8
D:3:      layout_loops_ring, grunt_ministairs_9, minmay_misc_feat_ornament,
          uniq_robin
D:4:      minmay_spotlight, layout_layer_cave, lemuel_temple_firewalk_b,
          uniq_menkaure
D:5:      layout_basic
D:6:      layout_loops_ring, mainiacjoe_overflow_six_doors_small, uniq_sigmund
D:7:      layout_basic, minmay_misc_feat_hallway, kennysheep_nondescript
D:8:      layout_loops_cross, uniq_maggie, uniq_grum, uniq_pikel
D:9:      layout_rooms, grunt_lair_entry_orc_guard_hut, gammafunk_ghost_ooze,
          corexii_checkpoint_b
D:10:     layout_cave_pools, minivault_4
D:11:     cheibrodos_frozen_isle, layout_basic, serial_shops,
          kennysheep_mini_moat, nrook_campfire, st_stairs_8, uniq_harold
Temple:   kilobyte_greek_temple
Lair:1:   layout_roguey, portal_ice_cave_entry_ice_simulacra
IceCv:    ice_cave_small_necro

Skill      XL: |  1  2  3  4  5  6  7  8  9 10 11 12 |
---------------+-------------------------------------+-----
Fighting       | 3 4 5 7 8 9 10 11 | 11.5
Dodging        | 2 3 5 |  5.8
Maces & Flails | 1 2 3 4 5 7 8 9 10 11 | 11.2
Spellcasting   | 1 |  1.0
Transmutations | 1 2 |  2.5
Throwing       | 5 6 7 8 9 |  9.5
Armour         | 1 4 5 |  5.7
Invocations    | 2 4 5 |  5.6
Stealth        | |  0.6

Action                   |  1- 3 |  4- 6 |  7- 9 | 10-12 || total
-------------------------+-------+-------+-------+-------++-------
Melee: Short sword       |    15 |       |       |       ||    15
       Whip              |   116 |       |       |       ||   116
       Quarterstaff      |    10 |   153 |   186 |       ||   349
       Headbutt          |       |     9 |    33 |    80 ||   122
       Kick              |       |    14 |    65 |   120 ||   199
       Flail             |       |       |    44 |    79 ||   123
       Dire flail        |       |       |       |   447 ||   447
       Great mace        |       |       |       |    16 ||    16
Throw: Stone             |    14 |    20 |     8 |     7 ||    49
       Large rock        |       |     5 |     2 |     6 ||    13
       Boomerang         |       |     2 |    15 |    75 ||    92
       Javelin           |       |     2 |     4 |    21 ||    27
       Throwing net      |       |     2 |     3 |       ||     5
 Cast: Beastly Appendage |       |    16 |    38 |    41 ||    95
       Wereblood         |       |     2 |     1 |     6 ||     9
       Animate Skeleton  |       |     2 |       |       ||     2
Invok: Heroism           |       |       |     2 |     9 ||    11
       Finesse           |       |       |       |     1 ||     1
Evoke: Wand              |       |       |     8 |    14 ||    22
  Use: Potion            |       |     2 |     3 |     1 ||     6
       Scroll            |       |     2 |     2 |    11 ||    15
 Stab: Sleeping          |     2 |       |       |       ||     2
       Held in net/web   |       |       |     1 |       ||     1
       Paralysed         |       |       |       |     5 ||     5
Armor: Robe              |    30 |    32 |    58 |       ||   120
       Swamp dragon scal |       |       |     6 |   262 ||   268
       Skin              |       |       |     1 |       ||     1
Dodge: Dodged            |    48 |    85 |   118 |   267 ||   518

Table legend: (Time is in decaauts)
 A = Elapsed time spent in this place.
 B = Non-inter-level travel time spent in this place.
 C = Inter-level travel time spent in this place.
 D = Time resting spent in this place.
 E = Time spent auto-exploring this place.
 F = Levels seen in this place.
 G = Mean time per level.
                   A        B        C        D        E       F      G
               +--------+--------+--------+--------+--------+-----+--------+
         Total |  21787 |  20952 |    835 |   8332 |   7084 |  14 | 1556.2 |
       Dungeon |  19295 |  18489 |    806 |   7025 |   6893 |  11 | 1754.1 |
        Temple |    177 |    148 |     29 |      0 |    127 |   1 |  177.0 |
          Lair |    490 |    490 |      0 |    207 |      0 |   1 |  490.0 |
      Ice Cave |   1823 |   1823 |      0 |   1099 |     64 |   1 | 1823.0 |
               +--------+--------+--------+--------+--------+-----+--------+

Top non-repeatable levels by time:
     D:4: 3156 daAuts
     D:8: 2516 daAuts
     D:2: 2259 daAuts
     D:5: 1845 daAuts
   IceCv: 1823 daAuts
     D:7: 1625 daAuts
     D:1: 1515 daAuts
     D:6: 1504 daAuts
    D:11: 1407 daAuts
    D:10: 1310 daAuts
     D:3: 1102 daAuts
     D:9: 1051 daAuts
  Lair:1: 490 daAuts
  Temple: 177 daAuts
